 Dungeon Crawl Stone Soup version 0.17.2-1-ge4368a0 (webtiles) character file.

8 tidbits the Insei (level 1, -2/16 HPs)
             Began as a Demigod Transmuter on Sept 21, 2017.
             Slain by a hound (3 damage)
             ... on level 4 of the Dungeon.
             The game lasted 00:02:27 (328 turns).

tidbits the Insei (Demigod Transmuter)               Turns: 328, Time: 00:02:27

Health: -2/16      AC:  2    Str: 13      XL:     1   Next: 80%
Magic:  4/5        EV: 12    Int: 17      God:
Gold:   50         SH:  0    Dex: 14 (16) Spells: 1 memorised, 3 levels left

rFire  + . .     SeeInvis .       - Unarmed
rCold  . . .     Clarity  .     b - +0 robe
rNeg   . . .     SustAt   +     (no shield)
rPois  .         Gourm    .     (no helmet)
rElec  .         Spirit   .     (no cloak)
rCorr  .         Warding  .     (no gloves)
rMut   .         Stasis   .     (no boots)
MR     .....                    (no amulet)
Stlth  +.........               (no ring)
                                e - ring of protection from fire

@: appendage (expiring), not resistant to hostile enchantments, very unstealthy
A: horns 2, high mp 1, sustain attributes
a: End Transformation


You were on level 4 of the Dungeon.
You were not hungry.
You had grown temporary horns.
You visited 1 branch of the dungeon, and saw 4 of its levels.

You collected 50 gold pieces.

Inventory:

Missiles
 a - 12 arrows
Armour
 b - a +0 robe (worn)
Jewellery
 e - a ring of protection from fire (left hand)
   (You found it on level 1 of the Dungeon)
Scrolls
 g - a scroll of enchant armour {unknown}
 h - 2 scrolls of identify {unknown}
 i - a scroll of amnesia {unknown}
 j - a scroll of blinking {unknown}
 k - 2 scrolls of immolation {unknown}
 n - a scroll of teleportation {unknown}
Potions
 f - a potion of brilliance {unknown}
 l - 2 potions of heal wounds {unknown}
 m - 2 potions of curing {unknown}
Books
 c - a book of Changes

   Spells                             Type                      Level
   a - Beastly Appendage              Transmutation                1
   b - Sticks to Snakes               Transmutation                2
   c - Spider Form                    Transmutation/Poison         3
   d - Ice Form                       Ice/Transmutation            4
   e - Blade Hands                    Transmutation                5
Comestibles
 d - 2 bread rations


   Skills:
 - Level 1.0 Fighting
 - Level 1.7 Dodging
 + Level 2.8 Unarmed Combat
 - Level 2.0 Spellcasting
 + Level 1.9 Transmutations


You had 3 spell levels left.
You knew the following spells:

 Your Spells              Type           Power        Failure   Level  Hunger
e - Beastly Appendage     Trmt           #.....       12%         1    #......


Dungeon Overview and Level Annotations

Branches:
Dungeon (4/15)             Temple (0/1) D:4

Shops:
D:4 :


Innate Abilities, Weirdness & Mutations

You have an increased reservoir of magic (+10% MP).
Your attributes are resistant to harm.
You have a pair of horns on your head.


Message History

The worm is moderately wounded.
You hit the worm but do no damage. You claw the worm.
The worm is heavily wounded.
The worm misses you.
You hit the worm. Your kick misses the worm.
The worm is severely wounded.
The worm bites you!
* * * LOW HITPOINT WARNING * * *
You hit the worm. Your kick misses the worm.
The worm is almost dead.
You hit the worm but do no damage.
The worm is almost dead.
Your transformation is almost over.
The worm bites you.
* * * LOW HITPOINT WARNING * * *
You hit the worm.
The worm is almost dead.
You hit the worm.
You kill the worm!
Your Spellcasting skill increases to level 2!
Found a whip.
You see here a worm corpse.
Found 19 stones.
f - a white potion
Found a scroll labeled URRORAG GAMOD.
You see here a dagger.
Your talons disappear.
Found a scroll labeled SESMEDEETA.
You see here a whip.
You see here 19 stones.
j - a scroll labeled URRORAG GAMOD
Found a stone staircase leading down.
k - a scroll labeled SESMEDEETA
Found 10 gold pieces.
Found a scroll labeled TOUN UTUUT.
h - 2 scrolls labeled TOUN UTUUT (gained 1)
Found 2 orange potions.
l - 2 orange potions
There is a stone staircase leading down here.
You now have 37 gold pieces (gained 10).
There is a stone staircase leading down here.
Casting: Beastly Appendage
Confirm with . or Enter, or press ? or * to list all spells.
You grow a pair of large bovine horns.
You climb downwards.
There is a stone staircase leading up here.
A goblin comes into view. It is wielding a dagger.
Found a stone staircase leading down.
The goblin shouts!
Your transformation is almost over.
You hit the goblin. You headbutt the goblin.
You kill the goblin!
Things that are here:
a dagger; a goblin corpse
Found 2 amethyst potions.
There is a stone staircase leading down here.
Found a whip.
Your horns disappear.
m - 2 amethyst potions
There is a stone staircase leading down here.
You climb downwards.
There is a stone staircase leading up here.
Found a scroll labeled FAIQIX LUGI.
Found 13 gold pieces.
Found a bread ration.
You now have 50 gold pieces (gained 13).
n - a scroll labeled FAIQIX LUGI
d - 2 bread rations (gained 1)
Found a staircase to the Ecumenical Temple.
HP restored.
Found a scroll labeled SESMEDEETA.
Found 19 stones.
Found Tixuor's Book Shoppe.
k - 2 scrolls labeled SESMEDEETA (gained 1)
There is an entrance to Tixuor's Book Shoppe here.
You can access your shopping list by pressing '$'.
A hound comes into view.
The hound barks!
Found a scroll labeled FAIQIX LUGI.
The hound misses you.
Casting: Beastly Appendage
Confirm with . or Enter, or press ? or * to list all spells.
You grow a pair of large bovine horns.
The hound bites you.
A worker ant comes into view.
The worker ant twitches its antennae in your direction.
You hit the hound.
The hound is lightly wounded.
The hound bites you. x2
You hit the hound.
The hound is moderately wounded.
The hound bites you.
* * * LOW HITPOINT WARNING * * *
The worker ant waves its antennae.
Your transformation is almost over.
The hound misses you. The hound bites you.
* * * LOW HITPOINT WARNING * * *
You closely miss the hound. Your headbutt misses the hound.
The hound is moderately wounded.
The hound bites you.
You die...

#.# ###..∩# #.#.######...
#.# #.....# #.#.# #...
#.#####.....##### #.#.#
#...
#...............#.#...#
#...
#....#.......(......#...#
#...
#.................#.#####
#... #....#.######.....#
... ####
#....#.######.###.#.#.>.#
........?.....ah@...#....
.....#.#.####..##.#.######
.....#.#.# #..# .#.# ....
... #..# .# # #..# .# ....
.. ###.##.# #.# .#


You could see a hound and a worker ant.

Vanquished Creatures
  A worm (D:2)
  A goblin (D:3)
  A hobgoblin (D:1)
  A kobold (D:2)
  A rat (D:2)
5 creatures vanquished.

Notes
Turn   | Place    | Note
--------------------------------------------------------------
     0 | D:1      | tidbits the Demigod Transmuter began the quest for the Orb.
     0 | D:1      | Reached XP level 1. HP: 15/15 MP: 5/5
    76 | D:2      | Reached skill level 1 in Fighting
    88 | D:2      | Reached skill level 2 in Spellcasting
   262 | D:4      | Found a staircase to the Ecumenical Temple.
   303 | D:4      | Found Tixuor's Book Shoppe.
   319 | D:4      | Noticed a hound
   323 | D:4      | Noticed a worker ant
   327 | D:4      | HP: 1/16 [hound (4)]
   328 | D:4      | Slain by a hound

Action                   || total
-------------------------++-------
Melee: Unarmed           ||    20
 Cast: Beastly Appendage ||     6
  Use: Potion            ||     1

Table legend:
 A = Turns spent in this place as a percentage of turns spent in the entire game.
 B = Non-inter-level travel turns spent in this place as a percentage of non-inter-level travel turns spent in the entire game.
 C = Inter-level travel turns spent in this place as a percentage of turns spent in this place.
 D = Turns resting spent in this place as a percentage of non-inter-level travel turns spent in this place.
 E = Turns spent auto-exploring this place as a percentage of non-inter-level travel turns spent in this place.
 F = Non-inter-level travel turns spent in this place divided by the number of levels of this place that you've seen.
                   A       B       C       D       E      F
               +-------+-------+-------+-------+-------+----------------------
         Total | 100.0 | 100.0 |   0.0 |   0.0 |   0.0 |  65.8
       Dungeon | 100.0 | 100.0 |   0.0 |   0.0 |   0.0 |  65.8
               +-------+-------+-------+-------+-------+----------------------

Table legend:
 A = Kills in this place as a percentage of kills in entire the game.
 B = Kills by you in this place as a percentage of kills by you in the entire game.
 C = Kills by friends in this place as a percentage of kills by friends in the entire game.
 D = Other kills in this place as a percentage of other kills in the entire game.
 E = Experience gained in this place as a percentage of experience gained in the entire game.
 F = Experience gained in this place divided by the number of levels of this place that you have seen.
                   A       B       C       D       E      F
               +-------+-------+-------+-------+-------+----------------------
         Total | 100.0 | 100.0 |  -nan |  -nan | 100.0 |   3.0
       Dungeon | 100.0 | 100.0 |  -nan |  -nan | 100.0 |   3.0
               +-------+-------+-------+-------+-------+----------------------

Vault maps used:
D:1:      minmay_arrival_open_corners
D:2:      minmay_curled_crystal
D:3:      first_bread, roderic_whirl, minmay_quantized, uniq_robin
D:4:      minmay_temple_entry_from_below_a, serial_shops, shop, uniq_edmund
